| TOP OF THE 1ST |
|
Pittsfield Colonials batting - Pitching for Pawtucket Paw Sox : RHP Curtis Coward
|
|
Pitching: RHP Curtis Coward
|
|
|
Batting: SHB Steve Scafa
|
0-0: Ball 1-0: Called Strike 1-1: Called Strike 1-2: Ground out 6-3 (Groundball, 6, EV 88.1 MPH)
|
|
Batting: SHB Felipe Gracia
|
0-0: Foul Ball, location: 2F 0-1: Ground out 4-3 (Groundball, 34, EV 101.9 MPH)
|
|
Batting: RHB Shawon Dunston
|
0-0: Fly out, F8 (Flyball, 8RD, EV 98.8 MPH)
|
| Top of the 1st over - 0 runs, 0 hits, 0 errors, 0 left on base; Pittsfield 0 - Pawtucket 0 |
| BOTTOM OF THE 1ST |
|
Pawtucket Paw Sox batting - Pitching for Pittsfield Colonials : RHP Fernando Santana
|
|
Pitching: RHP Fernando Santana
|
|
|
Batting: LHB Dave Haberle
|
0-0: Ball 1-0: Ground out 3-1 (Groundball, 23, EV 91.9 MPH)
|
|
Batting: LHB Steven Garcia
|
0-0: Foul Ball, location: 2F 0-1: Ground out 5-3 (Groundball, 15, EV 88.8 MPH)
|
|
Batting: LHB Jeff Stone
|
0-0: Ball 1-0: Foul Ball, location: 2F 1-1: Fly out, F6 (Popup, 5D, EV 49.4 MPH)
|
| Bottom of the 1st over - 0 runs, 0 hits, 0 errors, 0 left on base; Pittsfield 0 - Pawtucket 0 |
| TOP OF THE 2ND |
|
Pittsfield Colonials batting - Pitching for Pawtucket Paw Sox : RHP Curtis Coward
|
|
Batting: LHB James Wojcik
|
0-0: Ball 1-0: Called Strike 1-1: Ball 2-1: Ground out 6-3 (Groundball, 6, EV 82.5 MPH)
|
|
Batting: LHB Armando Ortiz
|
0-0: Ball 1-0: Ball 2-0: Ball 3-0: Base on Balls
|
|
Batting: RHB Mike Brewer
|
0-0: Foul Ball, location: 2F 0-1: Foul Ball, location: 2F 0-2: Strikes out swinging
|
|
Batting: SHB David Enos
|
0-0: Swinging Strike 0-1: Ball 1-1: Called Strike 1-2: SINGLE (Groundball, 3S, EV 70.6 MPH) (infield hit) Armando Ortiz to second
|
|
Batting: RHB Steven Ramler
|
0-0: Ball 1-0: Ball 2-0: Fly out, F8 (Flyball, 78M, EV 97.5 MPH)
|
| Top of the 2nd over - 0 runs, 1 hit, 0 errors, 2 left on base; Pittsfield 0 - Pawtucket 0 |
| BOTTOM OF THE 2ND |
|
Pawtucket Paw Sox batting - Pitching for Pittsfield Colonials : RHP Fernando Santana
|
|
Batting: LHB William Hance
|
0-0: Foul Ball, location: 2F 0-1: Foul Ball, location: 2F 0-2: SINGLE (Line Drive, 89M, EV 112.5 MPH)
|
|
Batting: RHB Brick Smith
|
0-0: Called Strike 0-1: Called Strike 0-2: Foul Ball, location: 2F 0-2: Foul Ball, location: 2F 0-2: Ball 1-2: Foul Ball, location: 2F 1-2: Ball 2-2: Ball 3-2: Grounds into double play, 5-4-3 (Groundball, 56, EV 83.1 MPH)
|
|
Batting: LHB David Wiggins
|
0-0: Ball 1-0: Ball 2-0: Ball 3-0: Base on Balls
|
|
Batting: RHB Robert Duran
|
0-0: Ball 1-0: Ball 2-0: Ball 3-0: Called Strike 3-1: Base on Balls David Wiggins to second
|
|
Batting: LHB Steven Blackman
|
0-0: Called Strike 0-1: Called Strike 0-2: Ball 1-2: Fielders Choice at 2nd, 6-4 (Groundball, 6, EV 85.6 MPH)
|
| Bottom of the 2nd over - 0 runs, 1 hit, 0 errors, 2 left on base; Pittsfield 0 - Pawtucket 0 |
| TOP OF THE 3RD |
|
Pittsfield Colonials batting - Pitching for Pawtucket Paw Sox : RHP Curtis Coward
|
|
Batting: RHB Glenn Hoffman
|
0-0: Ball 1-0: SINGLE (Groundball, 6MD, EV 93.8 MPH)
|
|
Batting: SHB Steve Scafa
|
0-0: Foul Ball, location: 2F 0-1: Fly out, F7 (Flyball, 7S, EV 88.1 MPH)
|
|
Batting: SHB Felipe Gracia
|
0-0: Ball 1-0: Called Strike 1-1: Ball 2-1: Foul Ball, location: 2F 2-2: Ball 3-2: Foul Ball, location: 2F 3-2: Base on Balls Glenn Hoffman to second
|
|
Batting: RHB Shawon Dunston
|
0-0: Ball 1-0: Ball 2-0: Called Strike 2-1: Ball 3-1: Foul Ball, location: 2F 3-2: SINGLE (Line Drive, 8RS, EV 108.1 MPH) Glenn Hoffman to third Felipe Gracia to second Runner from 3rd tries for Home, throw by CF and OUT! 8-2
|
|
Batting: LHB James Wojcik
|
0-0: Ball 1-0: Ball 2-0: Ball 3-0: Called Strike 3-1: Base on Balls Felipe Gracia to third Shawon Dunston to second
|
|
Batting: LHB Armando Ortiz
|
0-0: Ball 1-0: Ball 2-0: Called Strike 2-1: Fly out, F8 (Flyball, 8RM, EV 94.4 MPH)
|
| Top of the 3rd over - 0 runs, 2 hits, 0 errors, 3 left on base; Pittsfield 0 - Pawtucket 0 |
| BOTTOM OF THE 3RD |
|
Pawtucket Paw Sox batting - Pitching for Pittsfield Colonials : RHP Fernando Santana
|
|
Batting: RHB Ted Cox
|
0-0: Ball 1-0: Foul Ball, location: 2F 1-1: Ground out 6-3 (Groundball, 6, EV 88.8 MPH)
|
|
Batting: LHB Dave Haberle
|
0-0: Ball 1-0: Ball 2-0: Ball 3-0: Called Strike 3-1: Foul Ball, location: 2F 3-2: Foul Ball, location: 2F 3-2: SOLO HOME RUN (Flyball, 89XD, EV 101.3 MPH), Distance : 414 ft
|
|
Batting: LHB Steven Garcia
|
0-0: Ball 1-0: Foul Ball, location: 2F 1-1: Fly out, F7 (Flyball, 7LS, EV 97.5 MPH)
|
|
Batting: LHB Jeff Stone
|
0-0: Called Strike 0-1: Fly out, F9 (Flyball, 9, EV 83.8 MPH)
|
| Bottom of the 3rd over - 1 run, 1 hit, 0 errors, 0 left on base; Pittsfield 0 - Pawtucket 1 |
| TOP OF THE 4TH |
|
Pittsfield Colonials batting - Pitching for Pawtucket Paw Sox : RHP Curtis Coward
|
|
Batting: RHB Mike Brewer
|
0-0: Fly out, F4 (Popup, 4, EV 62.5 MPH)
|
|
Batting: SHB David Enos
|
0-0: Ball 1-0: Ball 2-0: Ball 3-0: Called Strike 3-1: Foul Ball, location: 2F 3-2: Base on Balls
|
|
Batting: RHB Steven Ramler
|
0-0: Grounds into double play, 5-4-3 (Groundball, 56, EV 98.8 MPH)
|
| Top of the 4th over - 0 runs, 0 hits, 0 errors, 0 left on base; Pittsfield 0 - Pawtucket 1 |
| BOTTOM OF THE 4TH |
|
Pawtucket Paw Sox batting - Pitching for Pittsfield Colonials : RHP Fernando Santana
|
|
Batting: LHB William Hance
|
0-0: Ball 1-0: Called Strike 1-1: Ball 2-1: Swinging Strike 2-2: Ground out 3-1 (Groundball, 34S, EV 87.5 MPH)
|
|
Batting: RHB Brick Smith
|
0-0: Swinging Strike 0-1: Ball 1-1: Foul Ball, location: 2F 1-2: Strikes out swinging
|
|
Batting: LHB David Wiggins
|
0-0: DOUBLE (Line Drive, 9LS, EV 86.9 MPH)
|
|
Batting: RHB Robert Duran
|
0-0: Ball 1-0: Foul Ball, location: 2F 1-1: Called Strike 1-2: Foul Ball, location: 2F 1-2: Foul Ball, location: 2F 1-2: Ball 2-2: Foul Ball, location: 2F 2-2: Fly out, F2 (Popup, 15S, EV 80.0 MPH)
|
| Bottom of the 4th over - 0 runs, 1 hit, 0 errors, 1 left on base; Pittsfield 0 - Pawtucket 1 |
| TOP OF THE 5TH |
|
Pittsfield Colonials batting - Pitching for Pawtucket Paw Sox : RHP Curtis Coward
|
|
Batting: RHB Glenn Hoffman
|
0-0: Ball 1-0: Called Strike 1-1: Foul Ball, location: 2F 1-2: Strikes out swinging
|
|
Batting: SHB Steve Scafa
|
0-0: Ball 1-0: Called Strike 1-1: Called Strike 1-2: Strikes out looking
|
|
Batting: SHB Felipe Gracia
|
0-0: Called Strike 0-1: Ball 1-1: Called Strike 1-2: Fly out, F8 (Flyball, 8LM, EV 95.0 MPH)
|
| Top of the 5th over - 0 runs, 0 hits, 0 errors, 0 left on base; Pittsfield 0 - Pawtucket 1 |
| BOTTOM OF THE 5TH |
|
Pawtucket Paw Sox batting - Pitching for Pittsfield Colonials : RHP Fernando Santana
|
|
Batting: LHB Steven Blackman
|
0-0: Swinging Strike 0-1: Foul Ball, location: 2F 0-2: Ball 1-2: Ball 2-2: Ball 3-2: Strikes out swinging
|
|
Batting: RHB Ted Cox
|
0-0: Called Strike 0-1: Ground out 6-3 (Groundball, 6, EV 81.9 MPH)
|
|
Batting: LHB Dave Haberle
|
0-0: Called Strike 0-1: Swinging Strike 0-2: Ball 1-2: Ground out 3-1 (Groundball, 34, EV 83.1 MPH)
|
| Bottom of the 5th over - 0 runs, 0 hits, 0 errors, 0 left on base; Pittsfield 0 - Pawtucket 1 |
| TOP OF THE 6TH |
|
Pittsfield Colonials batting - Pitching for Pawtucket Paw Sox : RHP Curtis Coward
|
|
Batting: RHB Shawon Dunston
|
0-0: Called Strike 0-1: Foul Ball, location: 2F 0-2: Ball 1-2: Ball 2-2: Ball 3-2: Foul Ball, location: 2F 3-2: Foul Ball, location: 2F 3-2: Ground out 6-3 (Groundball, 56, EV 110.0 MPH)
|
|
Batting: LHB James Wojcik
|
0-0: Ball 1-0: Swinging Strike 1-1: Ball 2-1: Ball 3-1: SINGLE (Line Drive, 6D, EV 98.8 MPH)
|
|
Batting: LHB Armando Ortiz
|
0-0: Fly out, F8 (Flyball, 8LD, EV 103.8 MPH)
|
|
Batting: RHB Mike Brewer
|
0-0: Swinging Strike 0-1: Foul Ball, location: 2F 0-2: Ball 1-2: Ball 2-2: Strikes out swinging
|
| Top of the 6th over - 0 runs, 1 hit, 0 errors, 1 left on base; Pittsfield 0 - Pawtucket 1 |
| BOTTOM OF THE 6TH |
|
Pawtucket Paw Sox batting - Pitching for Pittsfield Colonials : RHP Fernando Santana
|
|
Batting: LHB Steven Garcia
|
0-0: Called Strike 0-1: Foul Ball, location: 2F 0-2: Ball 1-2: Ball 2-2: Foul Ball, location: 2F 2-2: Foul Ball, location: 2F 2-2: Ball 3-2: Foul Ball, location: 2F 3-2: Foul Ball, location: 2F 3-2: SINGLE (Groundball, 56S, EV 75.0 MPH) (infield hit)
|
|
Batting: LHB Jeff Stone
|
0-0: 2-RUN HOME RUN (Flyball, 9D, EV 94.4 MPH), Distance : 351 ft
|
|
Batting: LHB William Hance
|
0-0: Called Strike 0-1: Ball 1-1: Ball 2-1: Foul Ball, location: 2F 2-2: Ground out 1-3 (Groundball, 13S, EV 63.8 MPH)
|
|
Batting: RHB Brick Smith
|
0-0: Ball 1-0: Foul Ball, location: 2F 1-1: Foul Ball, location: 2F 1-2: Ball 2-2: Ball 3-2: Foul Ball, location: 2F 3-2: Ground out 5-3 (Groundball, 56S, EV 70.0 MPH)
|
|
Batting: LHB David Wiggins
|
0-0: Swinging Strike 0-1: Foul Ball, location: 2F 0-2: Ball 1-2: Ball 2-2: Ball 3-2: Base on Balls
|
|
Batting: RHB Robert Duran
|
0-0: Ball 1-0: Ball 2-0: Called Strike 2-1: Ground out 5-3 (Groundball, 5S, EV 64.4 MPH)
|
| Bottom of the 6th over - 2 runs, 2 hits, 0 errors, 1 left on base; Pittsfield 0 - Pawtucket 3 |
| TOP OF THE 7TH |
|
Pittsfield Colonials batting - Pitching for Pawtucket Paw Sox : RHP Curtis Coward
|
|
Batting: SHB David Enos
|
0-0: Ball 1-0: Called Strike 1-1: Swinging Strike 1-2: SINGLE (Line Drive, 7LS, EV 106.9 MPH)
|
|
Batting: RHB Steven Ramler
|
0-0: Ball 1-0: Ball 2-0: Ball 3-0: Base on Balls David Enos to second
|
|
Batting: RHB Glenn Hoffman
|
0-0: Ball 1-0: Called Strike 1-1: Called Strike 1-2: Fly out, F4 (Popup, 4MD, EV 50.0 MPH)
|
|
Batting: SHB Steve Scafa
|
0-0: Ball 1-0: Called Strike 1-1: Ball 2-1: Foul Ball, location: 2F 2-2: Ball Passed Ball! David Enos to third Steven Ramler to second 3-2: Base on Balls
|
|
Batting: SHB Felipe Gracia
|
0-0: Swinging Strike 0-1: Foul Ball, location: 2F 0-2: Foul Ball, location: 2F 0-2: Ball 1-2: Ball 2-2: Ball 3-2: Foul Ball, location: 2F 3-2: Strikes out swinging
|
|
Batting: RHB Shawon Dunston
|
0-0: Ball 1-0: Fielders Choice at 2nd, 6-4 (Groundball, 6, EV 95.0 MPH)
|
| Top of the 7th over - 0 runs, 1 hit, 0 errors, 3 left on base; Pittsfield 0 - Pawtucket 3 |
| BOTTOM OF THE 7TH |
|
Pawtucket Paw Sox batting - Pitching for Pittsfield Colonials : RHP Fernando Santana
|
|
Batting: LHB Steven Blackman
|
0-0: Foul Ball, location: 2F 0-1: Ball 1-1: Reached on error, E6 (Groundball, 6, EV 85.6 MPH)
|
|
Batting: RHB Ted Cox
|
0-0: Ball 1-0: Ball 2-0: SINGLE (Groundball, 4MD, EV 83.1 MPH) (infield hit) Steven Blackman to second
|
|
Batting: LHB Dave Haberle
|
0-0: Swinging Strike 0-1: Ball 1-1: Fielders Choice at 2nd, 6-4 (Groundball, 6, EV 85.0 MPH) Steven Blackman to third
|
|
Batting: LHB Steven Garcia
|
0-0: Ball 1-0: Ball 2-0: Swinging Strike 2-1: Foul Ball, location: 2F 2-2: Ball 3-2: Base on Balls Dave Haberle to second
|
|
Batting: LHB Jeff Stone
|
0-0: Called Strike 0-1: Ball 1-1: Called Strike 1-2: Ball 2-2: SINGLE (Groundball, 34, EV 83.1 MPH) (infield hit) Steven Blackman scores Dave Haberle to third Steven Garcia to second
|
|
Batting: LHB William Hance
|
0-0: Called Strike 0-1: SINGLE (Groundball, 34D, EV 96.9 MPH) Dave Haberle scores Steven Garcia to third Jeff Stone to second
|
|
Pitching: LHP Richard Santos
|
|
|
Batting: RHB Brick Smith
|
0-0: Ball 1-0: Foul Ball, location: 2F 1-1: Grounds into double play, 6-4-3 (Groundball, 6, EV 79.4 MPH)
|
| Bottom of the 7th over - 2 runs, 3 hits, 1 error, 2 left on base; Pittsfield 0 - Pawtucket 5 |
| TOP OF THE 8TH |
|
Pittsfield Colonials batting - Pitching for Pawtucket Paw Sox : RHP Curtis Coward
|
|
Batting: LHB James Wojcik
|
0-0: Called Strike 0-1: Ball 1-1: Foul Ball, location: 2F 1-2: Ball 2-2: Foul Ball, location: 2F 2-2: Ball 3-2: Base on Balls
|
|
Batting: LHB Armando Ortiz
|
0-0: Called Strike 0-1: Ball 1-1: Ball 2-1: Foul Ball, location: 2F 2-2: Ball 3-2: Foul Ball, location: 2F 3-2: Ground out 4-3 (Groundball, 4, EV 95.0 MPH) James Wojcik to second
|
|
Batting: RHB Mike Brewer
|
0-0: Ball 1-0: Ball 2-0: Ball 3-0: Called Strike 3-1: 2-RUN HOME RUN (Line Drive, 7LD, EV 102.5 MPH), Distance : 343 ft
|
|
Batting: SHB David Enos
|
0-0: Foul Ball, location: 2F 0-1: Ball 1-1: Called Strike 1-2: Strikes out swinging
|
|
Batting: RHB Steven Ramler
|
0-0: Ball 1-0: Called Strike 1-1: Ball 2-1: Ball 3-1: Fly out, F2 (Popup, 2RF, EV 77.5 MPH)
|
| Top of the 8th over - 2 runs, 1 hit, 0 errors, 0 left on base; Pittsfield 2 - Pawtucket 5 |
| BOTTOM OF THE 8TH |
|
Pawtucket Paw Sox batting - Pitching for Pittsfield Colonials : LHP Richard Santos
|
|
Batting: LHB David Wiggins
|
0-0: Ball 1-0: Ball 2-0: Ground out 6-3 (Groundball, 6, EV 83.8 MPH)
|
|
Batting: RHB Robert Duran
|
0-0: Fly out, F9 (Flyball, 89S, EV 79.4 MPH)
|
|
Batting: LHB Steven Blackman
|
0-0: Ball 1-0: Ball 2-0: Called Strike 2-1: SINGLE (Line Drive, 4D, EV 98.1 MPH)
|
|
Batting: RHB Ted Cox
|
0-0: Ball 1-0: Fly out, F9 (Flyball, 89D, EV 99.4 MPH)
|
| Bottom of the 8th over - 0 runs, 1 hit, 0 errors, 1 left on base; Pittsfield 2 - Pawtucket 5 |
| TOP OF THE 9TH |
|
Pittsfield Colonials batting - Pitching for Pawtucket Paw Sox : RHP Curtis Coward
|
|
Pitching: RHP Terry McAnnally
|
|
|
Batting: RHB Glenn Hoffman
|
0-0: Ball 1-0: Ball 2-0: Ball 3-0: Called Strike 3-1: Foul Ball, location: 2F 3-2: Ground out 4-3 (Groundball, 4, EV 82.5 MPH)
|
|
Batting: SHB Steve Scafa
|
0-0: Ball 1-0: Foul Ball, location: 2F 1-1: Foul Ball, location: 2F 1-2: Strikes out swinging
|
|
Batting: SHB Felipe Gracia
|
0-0: Called Strike 0-1: Called Strike 0-2: Ball 1-2: Foul Ball, location: 2F 1-2: Foul Ball, location: 2F 1-2: Fly out, F7 (Flyball, 7D, EV 98.8 MPH)
|
| Top of the 9th over - 0 runs, 0 hits, 0 errors, 0 left on base; Pittsfield 2 - Pawtucket 5 |
|